AoeStats
← :) Onta Roncha Moras

QS Arena

503284055Analyzed
4v4 RM · 1mo ago on Aug 31, 2026· 40m 57s· 8 players
Game mode
Random Map
Map size
Large (8 player)
Population
200
Speed
Normal
Resources
Standard
Victory
Conquest
Starting age
Dark Age
Ending age
Imperial Age
RankedLock teamsTeams togetherTeam positionsShared explorationLock speedFull tech treeHidden civsTurbo modeCheats
Victory
Defeat
🇲🇽 Muisca · Mexico
1481
+12
1463
+12
🇨🇳 Tatars · China
1373
+16
🇲🇽 Mapuche · Mexico
1341
+18
🇧🇷 Bulgarians · Brazil
1620
-25
🇧🇷 Gurjaras · Brazil
1511
-20
🇧🇷 Persians · Brazil
1314
-12
🇧🇷 Slavs · Brazil
1086
-4
:) Regresa rocha moya
3:36 Loom
6:36 Feudal Age
8:41 Fletching
15:50 Wheelbarrow
17:23 Scale Barding Armor
20:29 Forging
26:15 Castle Age
25:27 Gold Mining
25:28 Stone Mining
25:21 Horse Collar
25:36 Double-Bit Axe
27:40 Hand Cart
30:54 Heavy Plow
31:07 Bow Saw
37:37 Imperial Age
35:41 Scale Mail Armor
36:16 Iron Casting
35:57 Pikeman
36:37 Squires
36:23 Arson
36:55 Chain Mail Armor
39:19 Two-Man Saw
37:45 Halberdier
38:47 Conscription
38:14 Capped Ram
39:41 Plate Mail Armor
39:49 Gold Shaft Mining
39:49 Stone Shaft Mining
39:29 Siege Ram
:) Onta Roncha Moras
8:56 Feudal Age
9:56 Loom
13:51 Castle Age
12:45 Scale Mail Armor
12:45 Champi Runner
13:41 Double-Bit Axe
20:54 Horse Collar
23:22 Sanctity
23:13 Fervor
24:45 Fervor
25:25 Redemption
28:30 Town Watch
29:30 Gold Mining
29:51 Bow Saw
33:55 Imperial Age
32:05 Wheelbarrow
34:23 Fletching
35:46 Two-Man Saw
35:18 Block Printing
35:31 Illumination
35:42 Theocracy
38:21 Conscription
37:57 Bodkin Arrow
39:05 Chain Mail Armor
38:52 Squires
39:59 Chemistry
39:06 Siege Engineers
39:23 Huaracas
39:44 Hand Cart
41:26 Plate Mail Armor
40:17 Elite Temple Guard
41:46 Forging
:) YO30830
6:41 Feudal Age
8:32 Double-Bit Axe
10:49 Loom
13:34 Castle Age
12:13 Horse Collar
12:30 Fletching
13:19 Stone Mining
13:22 Gold Mining
20:22 Bodkin Arrow
20:28 Padded Archer Armor
23:19 Padded Archer Armor
23:58 Bow Saw
24:03 Heavy Plow
24:52 Ballistics
26:02 Wheelbarrow
25:13 Town Watch
26:49 Leather Archer Armor
27:26 Hand Cart
31:14 Malon
31:52 Gold Shaft Mining
34:49 Imperial Age
33:47 Stone Shaft Mining
35:44 Elite Bolas Rider
37:27 Chemistry
36:59 Ring Archer Armor
36:38 Butalmapu
37:43 Conscription
39:26 Crop Rotation
帝国孙笑川
8:22 Feudal Age
11:49 Castle Age
10:28 Double-Bit Axe
10:35 Horse Collar
14:09 Bow Saw
19:33 Heavy Plow
20:42 Wheelbarrow
21:32 Gold Mining
22:40 Hand Cart
23:03 Gold Shaft Mining
22:36 Scale Barding Armor
22:45 Stone Mining
22:45 Loom
23:32 Town Watch
24:07 Fletching
27:15 Imperial Age
25:50 Chain Barding Armor
25:26 Bodkin Arrow
25:45 Bloodlines
25:35 Husbandry
25:44 Padded Archer Armor
26:54 Forging
27:18 Heavy Cavalry Archer
28:12 Bracer
28:36 Ballistics
29:16 Chemistry
27:47 Light Cavalry
29:17 Leather Archer Armor
29:40 Plate Barding Armor
29:44 Hussar
31:22 Ring Archer Armor
31:27 Iron Casting
30:37 Treadmill Crane
31:36 Conscription
31:18 Silk Armor
32:46 Coinage
32:33 Elite Keshik
34:22 Crop Rotation
34:29 Timurid Siegecraft
35:24 Blast Furnace
34:25 Scale Mail Armor
34:49 Masonry
38:20 Banking
SSx_Sinistro
4:22 Loom
7:17 Feudal Age
12:36 Castle Age
11:44 Double-Bit Axe
23:24 Wheelbarrow
24:05 Bow Saw
29:22 Town Watch
37:15 Imperial Age
34:54 Scale Mail Armor
38:22 Conscription
39:22 Conscription
39:27 Forging
39:23 Scale Barding Armor
39:37 Elite Shrivamsha Rider
40:19 Husbandry
40:29 Bloodlines
SS_Bart
2:46 Loom
8:59 Feudal Age
9:07 Feudal Age
11:15 Fletching
14:00 Castle Age
13:06 Double-Bit Axe
20:32 Horse Collar
23:38 Wheelbarrow
24:27 Bow Saw
25:33 Hand Cart
27:11 Gold Mining
28:59 Gold Shaft Mining
28:25 Heavy Plow
28:18 Stone Mining
32:37 Imperial Age
30:56 Forging
31:23 Stone Shaft Mining
31:42 Scale Barding Armor
32:37 Iron Casting
32:14 Town Watch
33:04 Chain Barding Armor
33:04 Stirrups
33:24 Bloodlines
33:15 Husbandry
33:16 Elite Konnik
34:33 Plate Barding Armor
34:31 Crop Rotation
36:01 Blast Furnace
36:34 Masonry
37:28 Ballistics
37:04 Bodkin Arrow
AcheronianoSSx
2:26 Loom
8:29 Feudal Age
9:34 Double-Bit Axe
9:33 Horse Collar
10:49 Wheelbarrow
19:27 Castle Age
19:08 Stone Mining
19:38 Pikeman
20:21 Scale Mail Armor
20:33 Forging
20:57 Squires
21:25 Hand Cart
23:29 Bow Saw
26:08 Chain Mail Armor
26:29 Iron Casting
26:11 Gold Mining
30:04 Imperial Age
30:27 Onager
30:58 Elite Skirmisher
33:05 Conscription
34:56 Two-Man Saw
35:55 Plate Mail Armor
36:36 Ballistics
38:54 Hoardings
40:29 Blast Furnace
SS_Tiozão
0:45 Loom
8:49 Feudal Age
13:06 Castle Age
10:55 Double-Bit Axe
12:11 Scale Barding Armor
14:29 Chain Barding Armor
18:12 Forging
19:46 Bloodlines
20:29 Husbandry
21:55 Light Cavalry
22:19 Horse Collar
25:30 Wheelbarrow
27:41 Hand Cart
28:48 Heavy Plow
28:46 Gold Mining
30:25 Gold Shaft Mining
30:27 Stone Mining
35:51 Imperial Age
33:38 Town Watch
34:49 Iron Casting
35:27 Hussar
36:33 Conscription
36:57 Plate Barding Armor
37:23 Blast Furnace
37:19 Kamandaran
37:15 Fletching
37:42 Padded Archer Armor
39:23 Ballistics
40:03 Chemistry
39:01 Bodkin Arrow
38:52 Crossbowman
40:02 Thumb Ring
40:14 Town Patrol
40:31 Leather Archer Armor
41:39 Ring Archer Armor
Connection lost

Rejoining the realm…

Still unreachable

The connection could not be restored.

Session expired

The server has moved on; the page needs a fresh start.